 Dungeon Crawl Stone Soup version 0.21.1-1-g345015fe64 (webtiles) character file.

62 Naru the Ruffian (level 3, 0/30 HPs)
             Began as a Draconian Transmuter on June 8, 2018.
             Slain by an adder (5 damage)
             ... on level 2 of the Dungeon.
             The game lasted 00:07:25 (1500 turns).

Naru the Ruffian (Draconian Transmuter)             Turns: 1500, Time: 00:07:25

Health: 0/30       AC:  5    Str: 12    XL:     3   Next: 85%
Magic:  7/7        EV: 12    Int: 14    God:
Gold:   22         SH:  0    Dex: 11    Spells: 6/7 levels left

rFire    . . .     SeeInvis .   e - -2 short sword (curse)
rCold    . . .     Gourm    .   (no shield)
rNeg     . . .     Faith    .   (armour unavailable)
rPois    .         Spirit   .   (helmet restricted)
rElec    .         Reflect  .   (no cloak)
rCorr    .         Harm     .   (no gloves)
MR       .....                  (no boots)
Stlth    +.........             (no amulet)
HPRegen  0.10/turn              (no ring)
MPRegen  0.10/turn              (no ring)

@: lethally poisoned (0 -> -4)
A: unfitting armour, cold-blooded, AC +5
a: no special abilities


You were on level 2 of the Dungeon.
You were not hungry.

You visited 1 branch of the dungeon, and saw 2 of its levels.

You collected 22 gold pieces.

Inventory:

Hand Weapons
 d - a +0 dagger
 e - a cursed -2 short sword (weapon)
Missiles
 a - 60 arrows
Armour
 h - a +0 ring mail
Scrolls
 k - a scroll of teleportation
 m - a scroll of amnesia
Potions
 f - a potion of agility
 g - a potion of resistance {unknown}
 i - a potion of heal wounds {unknown}
 j - a potion of berserk rage {unknown}
 l - 2 potions of haste {unknown}
 n - a potion of brilliance {unknown}
 o - a potion of invisibility {unknown}
Books
 b - a book of Changes

   Spells                             Type                      Level
   a - Beastly Appendage              Transmutation                1
   b - Sticks to Snakes               Transmutation                2
   c - Spider Form                    Transmutation/Poison         3
   d - Ice Form                       Ice/Transmutation            4
   e - Blade Hands                    Transmutation                5
Comestibles
 c - 2 rations


   Skills:
 * Level 2.3 Fighting
 * Level 1.2 Short Blades
 + Level 2.2 Dodging
 + Level 0.1 Stealth
 - Level 3.0 Unarmed Combat
 + Level 2.6 Spellcasting
 + Level 2.2 Transmutations


You had 6 spell levels left.
You knew the following spells:

 Your Spells              Type           Power        Failure   Level  Hunger
a - Beastly Appendage     Tmut           #.....       9%          1    #......


Dungeon Overview and Level Annotations

Branches:
Dungeon (2/15)

Altars:


Innate Abilities, Weirdness & Mutations

Your plain brown scales are hard. (AC +5)
You cannot fit into any form of body armour.
You are cold-blooded and may be slowed by cold attacks.


Message History

You miss the adder.
You tail-slap the adder, but do no damage.
The adder is moderately wounded.
The adder closely misses you.
You barely miss the adder.
The adder is moderately wounded.
You feel sick. The adder bites you. The adder barely misses you.
You barely miss the adder.
The adder is moderately wounded.
The adder bites you.
* * * LOW HITPOINT WARNING * * *
Your magical contamination has completely faded away.
You hit the adder.
The adder is severely wounded.
You feel sick. The adder bites you.
* * * LOW HITPOINT WARNING * * *
You hit the adder.
Your tail-slap misses the adder.
The adder is almost dead.
The adder bites you.
You die...

#$.##########
...!........#
###..........#
............#
#....$?....#
#..........#
#....##.........?#
#....##.....@....#
##.....#.....S....#
#......#..........#
#......#.##.#######
#........##.#
#.....#..##.#
#.........#.#
###.###...#.#
######.# ##>.#.#


You could see an adder.

Vanquished Creatures
  Natasha (D:2)
  2 leopard geckos (D:1)
  6 bats (D:1)
  7 goblins (D:1)
  5 hobgoblins (D:1)
  A ball python (D:2)
  2 frilled lizards
  4 kobolds (D:1)
  6 rats (D:1)
34 creatures vanquished.

Notes
Turn   | Place    | Note
-------+----------+-------------------------------------------
     0 | D:1      | Naru the Draconian Transmuter began the quest for the Orb.
     0 | D:1      | Reached XP level 1. HP: 16/16 MP: 3/3
   322 | D:1      | Reached XP level 2. HP: 23/23 MP: 3/5
   912 | D:1      | Reached XP level 3. HP: 24/29 MP: 4/6
  1160 | D:2      | Noticed Natasha
  1170 | D:2      | Killed Natasha
  1170 | D:2      | Reached skill level 1 in Short Blades
  1500 | D:2      | Slain by an adder

Skill      XL: |  1  2  3 |
---------------+----------+-----
Dodging        | 2 |  2.2
Fighting       | 2 |  2.3
Short Blades   | 1 |  1.2
Stealth        | |  0.1
Unarmed Combat | |  3.0
Spellcasting   | |  2.6
Transmutations | |  2.2

Action                   || total
-------------------------++-------
Melee: Unarmed           ||    13
       Dagger            ||    24
       Tailslap          ||    12
       Short sword       ||    89
       Headbutt          ||     4
       Punch             ||     1
 Cast: Beastly Appendage ||    14
  Use: Scroll            ||     4
  Eat: Chunk             ||     2
Armor: Skin              ||    62
Dodge: Dodged            ||   102
